 Dungeon Crawl Stone Soup version 0.29-a0-542-g075992c915 (webtiles) character file.

Game seed: 14978234791600252148

364 NateTC the Chopper (level 6, 0/50 HPs)
             Began as a Palentonga Abyssal Knight on June 3, 2022.
             Was a Priest of Lugonu.
             Slain by Pikel
             ... wielding a +0 whip of freezing
              (2 damage)
             ... on level 5 of the Dungeon on June 4, 2022.
             The game lasted 00:20:47 (3417 turns).

NateTC the Chopper (Palentonga Abyssal Knight)      Turns: 3417, Time: 00:20:48

Health: 0/50       AC: 15    Str: 18    XL:     6   Next: 39%
Magic:  18/18      EV:  3    Int:  6    God:    Lugonu [***...]
Gold:   176        SH:  0    Dex: 10    Spells: 5/5 levels left

rFire   . . .      SeeInvis +   a - +1 hand axe
rCold   . . .      Faith    .   (no shield)
rNeg    . . .      Spirit   .   h - +0 chain mail
rPois   +          Reflect  .   (no helmet)
rElec   .          Harm     .   (no cloak)
rCorr   .          Rampage  .   k - +0 pair of gloves
Will    .....                   b - +3 barding of the Trees {Fly MP+9 Int-5}
Stlth   ..........              (no amulet)
HPRegen 0.16/turn               c - ring of poison resistance
MPRegen 0.16/turn               l - +4 ring of slaying

@: flying
A: large, rugged brown scales 3, see invisible, deformed body, roll 1, armoured
tail
a: Rolling Charge, Renounce Religion, Depart the Abyss, Bend Space, Banish


You were on level 5 of the Dungeon.
You worshipped Lugonu.
Lugonu was most pleased with you.
You visited 1 branch of the dungeon, and saw 5 of its levels.
You visited the Abyss 1 time.

You collected 176 gold pieces.

Inventory:

Hand Weapons
 a - a +1 hand axe (weapon)
Armour
 b - the +3 barding of the Trees (worn) {Fly MP+9 Int-5}
   (You acquired it on level 2 of the Dungeon)

   Int:       It affects your intelligence (-5).
   MP:        It affects your magic capacity (+9).
   Fly:       It grants you flight.
 h - a +0 chain mail (worn)
 k - a +0 pair of gloves (worn)
Jewellery
 c - a ring of poison resistance (left hand)
 l - a +4 ring of slaying (right hand)
Scrolls
 g - 2 scrolls of teleportation
 j - a scroll of summoning {unknown}
Potions
 d - a potion of cancellation
 e - 2 potions of magic
 f - a potion of curing {unknown}
 i - a potion of berserk rage {unknown}
 n - a potion of ambrosia {unknown}


   Skills:
 - Level 3.1 Fighting
 * Level 5.5 Axes
 - Level 1.7 Armour
 - Level 1.0 Dodging
 + Level 4.4 Invocations


You had 5 spell levels left.
You didn't know any spells.
Your spell library contained the following spells:

 Spells                   Type           Power      Damage    Failure   Level
 Apportation              Tloc           0%         N/A       100%        1
 Necrotize                Necr           0%         1d4       100%        1
 Summon Small Mammal      Summ           0%         N/A       100%        1
 Gell's Gravitas          Tloc           0%         N/A       100%        3
 Lesser Beckoning         Tloc           0%         N/A       100%        3
 Teleport Other           Tloc           0%         N/A       100%        3


Dungeon Overview and Level Annotations

Branches:
Dungeon (5/15)
 Temple: D:4-7

Altars:

Annotations:
D:5 Pikel


Innate Abilities, Weirdness & Mutations

You are completely covered in rugged brown scales. (AC +3, +7% HP)
You have supernaturally acute eyesight. (SInv)
Armour fits poorly on your strangely shaped body.
You can roll at nearby foes to attack.
You have a long armoured tail.


Message History

Pikel freezes you.
You hit Pikel.
Pikel is heavily wounded.
Pikel hits you but does no damage.
You closely miss Pikel.
Pikel is heavily wounded.
Pikel hits you but does no damage.
You hit Pikel.
Pikel is heavily wounded.
Pikel hits you with a +0 whip of freezing.
* * * LOW HITPOINT WARNING * * *
Pikel freezes you.
* * * LOW HITPOINT WARNING * * *
You hit Pikel.
Pikel is heavily wounded.
Pikel hits you but does no damage.
You miss Pikel.
Pikel is heavily wounded.
Pikel hits you but does no damage.
You slash Pikel!
Your tail-slap misses Pikel.
Pikel is severely wounded.
Pikel hits you but does no damage.
You closely miss Pikel.
Pikel is severely wounded.
Pikel says, "You'll feel the lick of my whip!"
Pikel hits you but does no damage.
You hit Pikel.
Pikel is almost dead.
Pikel hits you with a +0 whip of freezing.
* * * LOW HITPOINT WARNING * * *
Pikel freezes you.
* * * LOW HITPOINT WARNING * * *
You hit Pikel.
Pikel is almost dead.
Pikel hits you but does no damage.
Okay, then.
You closely miss Pikel.
Pikel is almost dead.
Pikel hits you with a +0 whip of freezing.
You die...

#.# #.≈≈≈P≈.#### #.#
..≈≈≈P≈..... #.#
.≈.≈≈≈≈..### #.#
..≈≈≈≈≈..### #.#
..≈≈≈≈≈≈...#
#.####..≈≈≈≈≈....# #
#.......P≈≈≈≈≈....
#.####.K......≈≈≈≈≈P...
#.....@......≈≈≈≈≈≈≈...
#.(...........≈≈≈≈P≈≈.†
#.............≈PP≈≈P...
##..##.........≈≈≈≈≈...
#.. #.........≈≈5≈P≈≈.
#. #.######....K≈≈P≈. #
#.# #...≈.≈≈≈≈ #.#
.≈≈≈≈o≈≈ .. ...≈≈≈≈≈


You could see Pikel.

Vanquished Creatures
  4 lemures (D:5)
  A bullfrog (D:5)
  A scorpion (D:4)
  2 hounds (D:5)
  An iguana (D:5)
  An orc wizard (D:3)
  4 adders
  2 white imps
  3 worms (D:3)
  2 dart slugs
  3 orcs (D:3)
  7 ball pythons
  6 bats
  7 endoplasms
  5 giant cockroaches
  3 hobgoblins
  5 jackals
  4 frilled lizards
  6 goblins
  3 kobolds
  5 rats
75 creatures vanquished.

Vanquished Creatures (others)
  5 plants (D:5)
5 creatures vanquished.

Grand Total: 80 creatures vanquished

Notes
Turn   | Place    | Note
-------+----------+-------------------------------------------
     0 | Abyss:1  | NateTC the Palentonga Abyssal Knight began the quest for
                  | the Orb.
     0 | Abyss:1  | Reached XP level 1. HP: 19/19 MP: 2/2
    11 | Abyss:1  | Noticed a small abomination
    37 | D:1      | Escaped the Abyss
   153 | D:1      | Reached ** piety under Lugonu
   172 | D:1      | Reached skill level 1 in Dodging
   172 | D:1      | Reached XP level 2. HP: 21/25 MP: 3/3
   977 | D:2      | Reached XP level 3. HP: 31/31 MP: 4/4
  1019 | D:2      | Reached skill level 3 in Axes
  1612 | D:2      | Identified a scroll of acquirement
  1612 | D:2      | Acquired the +3 barding of the Trees {Fly MP+9 Int-5}
  1730 | D:3      | Reached XP level 4. HP: 37/37 MP: 6/6
  1804 | D:3      | Reached *** piety under Lugonu
  1940 | D:3      | Reached skill level 4 in Axes
  2393 | D:4      | Noticed a scorpion
  2402 | D:4      | Killed a scorpion
  2403 | D:4      | Reached XP level 5. HP: 35/43 MP: 7/7
  2920 | D:5      | Entered Level 5 of the Dungeon
  2960 | D:5      | Noticed a lemure
  2963 | D:5      | Noticed a lemure
  2963 | D:5      | Noticed a lemure
  2978 | D:5      | Killed a lemure
  2986 | D:5      | Killed a lemure
  2992 | D:5      | Killed a lemure
  3030 | D:5      | Reached skill level 5 in Axes
  3030 | D:5      | Reached XP level 6. HP: 36/50 MP: 9/9
  3141 | D:5      | Noticed Pikel
  3415 | D:5      | HP: 2/50 [Pikel/+0 whip of freezing (2)]
  3417 | D:5      | Slain by Pikel

Illustrated notes

Levels and vault maps discovered:
D:1:      dpeg_arrival_water_temple_mockup, layout_basic, chequers_garden
D:2:      layout_basic, minivault_14
D:3:      layout_basic, minmay_statues_item
D:4:      layout_basic
D:5:      kennysheep_big_flooded_room, layout_loops_ring, lemuel_doored_altar,
          chequers_big_river, uniq_pikel

Skill      XL: |  1  2  3  4  5 |
---------------+----------------+-----
Dodging        | 1 |  1.0
Axes           | 3 4 5 |  5.5
Invocations    | 3 4 |  4.4
Fighting       | |  3.1
Armour         | |  1.7

Action                   |  1- 3 |  4- 6 || total
-------------------------+-------+-------++-------
Melee: Hand axe          |    93 |   116 ||   209
       Tailslap          |     7 |    15 ||    22
Invok: Depart the Abyss  |     1 |       ||     1
       Bend Space        |       |     1 ||     1
 Abil: Rolling Charge    |    18 |     7 ||    25
  Use: Scroll            |     4 |     3 ||     7
Armor: Leather armour    |    30 |       ||    30
       Chain mail        |    28 |    78 ||   106
Dodge: Dodged            |    36 |    14 ||    50

Table legend: (Time is in decaauts)
 A = Elapsed time spent in this place.
 B = Non-inter-level travel time spent in this place.
 C = Inter-level travel time spent in this place.
 D = Time resting spent in this place.
 E = Time spent auto-exploring this place.
 F = Levels seen in this place.
 G = Mean time per level.
                   A        B        C        D        E       F      G
               +--------+--------+--------+--------+--------+-----+--------+
         Total |   3443 |   3299 |    144 |    857 |    550 |   6 |  573.8 |
       Dungeon |   3406 |   3262 |    144 |    857 |    546 |   5 |  681.2 |
         Abyss |     37 |     37 |      0 |      0 |      4 |   1 |   37.0 |
               +--------+--------+--------+--------+--------+-----+--------+

Top non-repeatable levels by time:
     D:1: 887 daAuts
     D:4: 806 daAuts
     D:2: 801 daAuts
     D:5: 499 daAuts
     D:3: 411 daAuts
 Abyss:1: 37 daAuts
